[Event "Open A Plancoët 2013"]
[Site "?"]
[Date "2013.08.03"]
[Round "9"]
[White "Dgebuadze, Alexandre"]
[Black "De Wit, Tex"]
[Result "1-0"]
[ECO "B08"]
[WhiteElo "2520"]
[BlackElo "2293"]
[Annotator "Sébastien Charpiot"]
[PlyCount "95"]
[TimeControl "604800+259200"]

{432MB, Opening Tree.ctg} 1. e4 d6 2. d4 g6 3. Nc3 Nf6 4. Be3 a6 5. h3 Bg7 6.
Nf3 O-O 7. Bd3 Nc6 8. Qd2 b5 9. a4 b4 10. Nd5 Rb8 11. Bh6 e6 12. Nxf6+ Bxf6 13.
Bxf8 Qxf8 14. c3 Na5 15. Qe2 c5 16. O-O Nb3 17. Rab1 cxd4 18. cxd4 a5 19. Qe3
Qg7 20. e5 dxe5 21. dxe5 Be7 22. Bb5 Nc5 23. Rbc1 Qf8 24. Nd2 Bb7 25. Nc4 Ne4
26. Nxa5 Bc5 27. Rxc5 Nxc5 28. Rc1 Rc8 29. Rxc5 Rxc5 30. Nxb7 Rc2 31. Qd4 b3
32. Na5 Rc5 33. Nxb3 Rd5 34. Qc3 Qb8 35. Nd2 Rxe5 36. Nf1 Qd6 37. Bc4 Rg5 38.
g3 h5 39. h4 Rf5 40. Ne3 Re5 41. a5 Rc5 42. a6 Rc7 43. Qd3 Qe7 44. b4 Rd7 45.
Qc3 g5 46. hxg5 Qxg5 47. Bf1 h4 48. g4 1-0

[Event "Open A Plancoët 2013"]
[Site "?"]
[Date "2013.08.03"]
[Round "9"]
[White "Das, Arghyadip"]
[Black "Deslandes, pascal"]
[Result "1-0"]
[ECO "C07"]
[WhiteElo "2493"]
[BlackElo "2279"]
[Annotator "Sébastien Charpiot"]
[PlyCount "85"]
[TimeControl "604800+259200"]

{432MB, Opening Tree.ctg} 1. e4 e6 2. d4 d5 3. Nd2 c5 4. Ngf3 cxd4 5. Nxd4 Nc6
6. Bb5 Bd7 7. Nxc6 Bxc6 8. Bxc6+ bxc6 9. c4 Nf6 10. Qa4 Qc7 11. exd5 exd5 12.
O-O Be7 13. Nf3 O-O 14. Bg5 Rac8 15. h3 Ne4 16. Bxe7 Qxe7 17. Rac1 h6 18. cxd5
cxd5 19. Qd4 Nf6 20. Ne5 Qe6 21. b3 Rfe8 22. Nf3 Qa6 23. Qb2 Rxc1 24. Rxc1 Rc8
25. Rxc8+ Qxc8 26. Nd4 Qc5 27. Nf5 Kh7 28. g4 Qb4 29. Qe5 Qd2 30. Qe7 Ne4 31.
Qxa7 Qd1+ 32. Kg2 Nd2 33. Qe3 Qf1+ 34. Kh2 Ne4 35. Qd4 f6 36. Qa7 Qxf2+ 37.
Qxf2 Nxf2 38. b4 Nd3 39. b5 Nc5 40. b6 Nb7 41. a4 g6 42. Nd4 Kg7 43. Nb3 1-0

[Event "Open A Plancoët 2013"]
[Site "?"]
[Date "2013.08.02"]
[Round "8"]
[White "De Wit, Tex"]
[Black "Epishin, Vladimir"]
[Result "1-0"]
[ECO "A34"]
[WhiteElo "2293"]
[BlackElo "2598"]
[Annotator "Sébastien Charpiot"]
[PlyCount "125"]
[TimeControl "604800+259200"]

{432MB, Opening Tree.ctg} 1. c4 g6 2. Nc3 c5 3. g3 Bg7 4. Bg2 f5 5. e3 e5 6.
Nge2 Nf6 7. d4 e4 8. O-O Na6 9. a3 O-O 10. b4 d6 11. Rb1 cxd4 12. Nxd4 Nc7 13.
Bb2 Qe7 14. Qd2 Bd7 15. Rfd1 Rad8 16. Nb3 Bc8 17. Rbc1 h5 18. h4 Ng4 19. Nb5
Bxb2 20. Qxb2 Nxb5 21. cxb5 Be6 22. Nd4 Bf7 23. Rc3 Ne5 24. Qc2 d5 25. Rc7 Rd7
26. Rc8 Nc4 27. Rxf8+ Qxf8 28. Qc3 Rc7 29. Bf1 Rc8 30. Rc1 Qe7 31. Bxc4 dxc4
32. Rd1 Rd8 33. Rd2 Rd6 34. Kf1 Qf6 35. Ke1 Kh7 36. Kd1 g5 37. hxg5 Qxg5 38.
Kc2 Qf6 39. Qa1 Kg6 40. Kc3 Rd5 41. a4 h4 42. gxh4 Qxh4 43. Qg1+ Kf6 44. Rd1 f4
45. Qh1 Rh5 46. Qxe4 Qxf2 47. Qxf4+ Qxf4 48. exf4 Rh3+ 49. Kc2 Bd5 50. Ne2 Bf3
51. Rd6+ Ke7 52. Rd2 Be4+ 53. Kb2 Rb3+ 54. Ka2 Bb1+ 55. Ka1 Bd3 56. Ka2 Rxb4
57. Nc3 Rb3 58. Rxd3 Ke6 59. Re3+ Kf5 60. Nd5 Rd3 61. Rxd3 cxd3 62. Kb2 Ke4 63.
Nb4 1-0

[Event "Open A Plancoët 2013"]
[Site "?"]
[Date "2013.08.02"]
[Round "8"]
[White "Deslandes, Pascal"]
[Black "Terrieux, Kevin"]
[Result "1/2-1/2"]
[ECO "B22"]
[WhiteElo "2279"]
[BlackElo "2422"]
[Annotator "Sébastien Charpiot"]
[PlyCount "82"]
[EventDate "2013.??.??"]
[TimeControl "604800+259200"]

{432MB, Opening Tree.ctg} 1. e4 c5 2. c3 Nf6 3. e5 Nd5 4. d4 cxd4 5. cxd4 d6 6.
Nf3 e6 7. Bd3 dxe5 8. Nxe5 Nc6 9. Nxc6 bxc6 10. O-O Qb6 11. Nc3 Qxd4 12. Nxd5
Qxd5 13. Qa4 Bd7 14. Be4 Qc5 15. Rd1 Qb4 16. Qxc6 Bxc6 17. Bxc6+ Ke7 18. Bg5+
f6 19. Rd7+ Ke8 20. Rb7+ Kd8 21. Rxb4 Bxb4 22. Bxf6+ gxf6 23. Bxa8 Ke7 24. Be4
Rd8 25. Kf1 f5 26. a3 Bc5 27. Bf3 Rd2 28. Be2 Rxb2 29. f4 h5 30. h4 Bd6 31. g3
e5 32. Bxh5 exf4 33. g4 f3 34. Re1+ Kd8 35. Rd1 Ke7 36. Rd3 fxg4 37. Bxg4 Rh2
38. Bxf3 Rxh4 39. Bd1 Rf4+ 40. Ke2 Re4+ 41. Kd2 Re5 1/2-1/2

[Event "Open A Plancoët 2013"]
[Site "?"]
[Date "2013.08.05"]
[Round "7"]
[White "Bianchi, Guillaume"]
[Black "Vovk, Yuri"]
[Result "0-1"]
[ECO "E69"]
[WhiteElo "2172"]
[BlackElo "2608"]
[Annotator "Sébastien Charpiot"]
[PlyCount "70"]
[TimeControl "604800+259200"]

{432MB, Opening Tree.ctg} 1. Nf3 Nf6 2. c4 g6 3. g3 Bg7 4. Bg2 O-O 5. O-O c6 6.
d4 d6 7. Nc3 Qa5 8. e4 e5 9. h3 Nbd7 10. Re1 exd4 11. Nxd4 Ne5 12. Bf1 Re8 13.
Rb1 a6 14. Bd2 b5 15. cxb5 axb5 16. b4 Qb6 17. Be3 Qb7 18. Bg2 Bd7 19. f4 Nc4
20. Bf2 h5 21. Rc1 Qc8 22. Kh2 Ra3 23. Nb3 h4 24. g4 Bxg4 25. hxg4 Nxg4+ 26.
Kg1 h3 27. Bf3 h2+ 28. Kf1 Nxf2 29. Kxf2 Qh3 30. Ke2 Bxc3 31. Rxc3 Rxa2+ 32.
Rc2 Rxe4+ 33. Bxe4 Qe3+ 34. Kf1 Qxe4 35. Rxh2 Qxf4+ 0-1

[Event "Open A Plancoët 2013"]
[Site "?"]
[Date "2013.08.05"]
[Round "3"]
[White "Larcheveque, François"]
[Black "De Wit, Tex"]
[Result "0-1"]
[ECO "B07"]
[WhiteElo "2088"]
[BlackElo "2293"]
[Annotator ",Seb"]
[PlyCount "60"]
[TimeControl "604800+259200"]

{432MB, Opening Tree.ctg} 1. d4 d6 2. Nf3 g6 3. e4 Bg7 4. Bc4 c6 5. O-O Nf6 6.
Nbd2 O-O 7. Bb3 Qc7 8. Re1 e5 9. c3 b5 10. Nf1 Nbd7 11. Ng3 a6 12. h3 Bb7 13.
Be3 c5 14. d5 h6 15. Qc1 Kh7 16. Nh2 Rfe8 17. Bd1 Ng8 18. Bg4 c4 19. h4 Nc5 20.
Bxc5 Qxc5 21. h5 Bf6 22. Nf3 Bd8 23. Qe3 Qc7 24. Kf1 Nf6 25. Bh3 Bc8 26. Bxc8
Qxc8 27. Nh2 Nd7 28. f4 exf4 29. Qxf4 Nc5 30. Nf3 Nd3 0-1

[Event "Open A Plancoët 2013"]
[Site "?"]
[Date "2013.07.30"]
[Round "3"]
[White "Durand-Le Ludec, Brendan-Budok"]
[Black "Deslandes, Pascal"]
[Result "0-1"]
[ECO "E92"]
[WhiteElo "1863"]
[BlackElo "2279"]
[Annotator ",Seb"]
[PlyCount "92"]
[EventDate "2013.??.??"]
[TimeControl "604800+259200"]

{432MB, Opening Tree.ctg} 1. d4 Nf6 2. c4 g6 3. Nc3 Bg7 4. e4 d6 5. Nf3 O-O 6.
Be2 e5 7. dxe5 dxe5 8. Qxd8 Rxd8 9. Nd5 Nxd5 10. cxd5 c6 11. Bc4 cxd5 12. Bxd5
Nd7 13. Bg5 Re8 14. Rc1 h6 15. Be3 Nf6 16. Bb3 Be6 17. Bxe6 Rxe6 18. Rc7 b5 19.
Nd2 Ra6 20. a3 b4 21. O-O bxa3 22. bxa3 Rxa3 23. Rb1 Rd8 24. h3 Rxe3 25. fxe3
Rxd2 26. Rbb7 Rd1+ 27. Kh2 Rf1 28. Rxa7 Nxe4 29. Ra8+ Kh7 30. Raa7 Nd6 31. Rc6
e4 32. g4 Be5+ 33. Kg2 Rd1 34. Re7 Rd2+ 35. Kf1 Bg3 36. Rd7 Kg7 37. Rcc7 Kf6
38. Rd8 Kg5 39. Rxf7 Rh2 40. Rg7 Nc4 41. Kg1 Nd2 42. Rxd2 Rxd2 43. Re7 Kh4 44.
Rxe4 Kxh3 45. Kf1 Rf2+ 46. Kg1 Re2 0-1

[Event "Open A Plancoët 2013"]
[Site "?"]
[Date "2013.08.01"]
[Round "6"]
[White "De Wit, Tex"]
[Black "Terrieux, Kevin"]
[Result "1-0"]
[ECO "A34"]
[WhiteElo "2293"]
[BlackElo "2422"]
[Annotator ",Seb"]
[PlyCount "89"]
[EventDate "2013.??.??"]
[TimeControl "604800+259200"]

{432MB, Opening Tree.ctg} 1. c4 b6 2. Nc3 Bb7 3. e4 c5 4. Nf3 e6 5. d4 cxd4 6.
Nxd4 a6 7. Be2 Bb4 8. f3 Qh4+ 9. g3 Qe7 10. Be3 Nf6 11. O-O O-O 12. Na4 Nc6 13.
Nxb6 Nxd4 14. Qxd4 e5 15. Qd3 Rab8 16. b3 Bc6 17. Rfc1 Ba3 18. Rc2 h5 19. Nd5
Nxd5 20. cxd5 Bb5 21. Qd1 Rfc8 22. Bxb5 axb5 23. Kg2 Qf8 24. Rxc8 Rxc8 25. Qd3
Qb4 26. Rd1 d6 27. Qd2 Rc3 28. Bf2 Rc8 29. Be3 Qc3 30. Qxc3 Rxc3 31. Kf2 Bb4
32. Rc1 Rxc1 33. Bxc1 Bc5+ 34. Be3 Bb4 35. Ke2 Kf8 36. Kd3 Ke7 37. a4 Kd7 38.
axb5 Kc7 39. Kc4 Be1 40. b6+ Kb7 41. Kb5 h4 42. gxh4 Bxh4 43. f4 f6 44. f5 Be1
45. Bc1 1-0

[Event "Open A Plancoët 2013"]
[Site "?"]
[Date "2013.07.30"]
[Round "4"]
[White "De Wit, Tex"]
[Black "Burel, Iwan"]
[Result "1-0"]
[ECO "A34"]
[WhiteElo "2293"]
[BlackElo "1889"]
[Annotator "Sébastien Charpiot"]
[PlyCount "57"]
[EventDate "2013.??.??"]
[TimeControl "604800+259200"]

{432MB, Opening Tree.ctg} 1. c4 Nf6 2. Nc3 g6 3. g3 Bg7 4. Bg2 c5 5. e4 e5 6.
Nge2 Nc6 7. a3 a5 8. O-O O-O 9. d3 d6 10. Rb1 Ne8 11. Nd5 Be6 12. Nec3 Nc7 13.
Be3 f5 14. exf5 gxf5 15. f4 Rb8 16. Qd2 Nd4 17. b4 axb4 18. axb4 b6 19. fxe5
dxe5 20. Bg5 Qd7 21. bxc5 bxc5 22. Rxb8 Rxb8 23. Nf6+ Bxf6 24. Bxf6 e4 25. Qg5+
Kf8 26. Nxe4 Ne2+ 27. Kh1 fxe4 28. Be7+ Ke8 29. Rf8# 1-0

[Event "Open A Plancoët 2013"]
[Site "?"]
[Date "2013.07.30"]
[Round "4"]
[White "Deslandes, Pascal"]
[Black "Chaudagne, Christophe"]
[Result "1-0"]
[ECO "C02"]
[WhiteElo "2279"]
[BlackElo "2137"]
[Annotator "Sébastien Charpiot"]
[PlyCount "83"]
[TimeControl "604800+259200"]

{432MB, Opening Tree.ctg} 1. e4 e6 2. d4 d5 3. e5 c5 4. c3 Nc6 5. Nf3 Bd7 6.
Be2 Nge7 7. Na3 cxd4 8. cxd4 Nf5 9. O-O Qb6 10. Nc2 Nb4 11. Ne3 Rc8 12. Nxf5
exf5 13. Bd2 h6 14. Qb3 Be6 15. Rac1 Rxc1 16. Rxc1 Nc6 17. Bb5 Kd7 18. a4 Qc7
19. Ne1 Be7 20. Nd3 Rc8 21. Bb4 Kd8 22. Bxe7+ Qxe7 23. Bxc6 bxc6 24. Nc5 Rc7
25. f4 Ke8 26. Qg3 Kf8 27. Rc3 g6 28. Rb3 Kg7 29. h4 h5 30. Qg5 Qxg5 31. hxg5
Bc8 32. Rb8 Kh7 33. Kf2 Kg7 34. Ke3 Kh7 35. Kd2 Kg7 36. Kc3 Kh7 37. Kb4 Kg7 38.
Ka5 Kh7 39. b4 Kg7 40. Na6 Bxa6 41. Kxa6 Kh7 42. a5 1-0